 Dungeon Sprint DCSS version 0.19.1 (webtiles) character file.

84 KingBobo974 the Covert (level 4, -6/33 HPs)
             Began as a Vampire Assassin on Dec 17, 2016.
             Killed by divine providence
             ... invoked by an oklob sapling priest
              (14 damage)
             ... in the Dungeon (Sprint IV: "Fedhas' Mad Dash").
             The game lasted 00:01:49 (209 turns).

KingBobo974 the Covert (Vampire Assassin)            Turns: 209, Time: 00:01:49

Health: -6/33      AC:  3    Str: 10    XL:     4   Next: 23%
Magic:  4/4        EV: 14    Int: 13    God:
Gold:   51         SH:  0    Dex: 16    Spells: 0 memorised, 3 levels left

rFire  . . .     SeeInvis +     a - +2 dagger
rCold  . . .     Gourm    .     c - +0 robe
rNeg   + . .     Faith    .     (no shield)
rPois  .         Spirit   .     (no helmet)
rElec  .         Reflect  .     d - +0 cloak
rCorr  .         Harm     .     (no gloves)
MR     .....     NoTele   +     (no boots)
Stlth  +++++.....               o - amulet of invisibility {+Inv}
                                (no ring)
                                (no ring)

@: no status effects
A: fangs 3, see invisible, unbreathing
a: Bat Form, Evoke Invisibility


You were in the Dungeon.
You were not thirsty.

You visited 1 branch You collected 51 gold pieces.

Inventory:

Hand Weapons
 a - a +2 dagger (weapon)
 b - a +0 blowgun
Missiles
 e - 16 poisoned needles
 f - 2 curare-tipped needles
Armour
 c - a +0 robe (worn)
 d - a +0 cloak (worn)
Jewellery
 o - the amulet of invisibility (around neck) {+Inv}
   (You found it in the Dungeon)

   [amulet of nothing]

   It lets you turn invisible.
Scrolls
 m - a scroll of blinking
Potions
 g - a potion of blood
 h - a potion of curing
 i - a potion of resistance {unknown}
 j - a potion of haste
 k - 2 potions of magic
 l - a potion of berserk rage
 n - a potion of degeneration {unknown}


   Skills:
 - Level 1.7 Fighting
 * Level 3.7 Short Blades
 - Level 1.5 Throwing
 * Level 3.2 Dodging
 * Level 12.3 Stealth


You had 3 spell levels left.
You didn't know any spells.

Dungeon Overview and Level Annotations

Branches:
Dungeon (1/1)

Altars:
Cheibriados
Dithmenos
Elyvilon
Gozag
Hepliaklqana
Kikubaaqudgha
Makhleb
Nemelex Xobeh
Okawaru
Qazlal
Ru
Sif Muna
Trog
Uskayaw
Vehumet
Xom
Yredelemnul
Zin
The Shining One
Beogh
Jiyva
Lugonu

Annotations:
D exclusion: oklob sapling


Innate Abilities, Weirdness & Mutations

You have razor-sharp teeth.
You have supernaturally acute eyesight. (SInv)
You can survive without breathing.


Message History

Found three altars.
Found two altars.
Found three altars.
There is an opulent altar of Gozag here.
Found a corrupted altar of Lugonu and a radiant altar of Vehumet.
There is a hazy altar of Hepliaklqana here.
The oklob sapling priest spits acid at you.
The splash of acid hits you!
You are splashed with acid!
The acid burns!
* * * LOW HITPOINT WARNING * * *
You are too injured to fight recklessly!
You are too injured to fight recklessly!
You are too injured to fight recklessly!
You are too injured to fight recklessly!
You are too injured to fight recklessly!
You are too injured to fight recklessly!
You are too injured to fight recklessly!
You hit the oklob sapling priest but do no damage.
The oklob sapling priest invokes the aid of its god against you.
Something smites you!
You die...

########################
...†#.....#.⌠._._._._.⌠.
....'.#†..'.._._@_._._..
..†.#.#...#..._._P_._...
########'##.._._._._._..
+...#.⌠._._._._.⌠.
#...############## #####


You could see an oklob sapling priest.

Vanquished Creatures
  2 oklob saplings (D)
  A worker ant (D)
  A river rat (D)
  A rat (D)
5 creatures vanquished.

Notes
Turn   | Place    | Note
-------+----------+-------------------------------------------
     0 | D        | KingBobo974 the Vampire Assassin began the quest for the Orb.
     0 | D        | Reached XP level 1. HP: 16/16 MP: 1/1
     8 | D        | Reached skill level 8 in Stealth
     8 | D        | Reached XP level 2. HP: 22/22 MP: 2/2
    17 | D        | Noticed an oklob sapling
    28 | D        | Killed an oklob sapling
    28 | D        | Reached skill level 10 in Stealth
    28 | D        | Reached XP level 3. HP: 27/27 MP: 3/3
    46 | D        | Reached skill level 11 in Stealth
   187 | D        | Noticed an oklob sapling
   190 | D        | Killed an oklob sapling
   190 | D        | Reached skill level 12 in Stealth
   190 | D        | Reached XP level 4. HP: 33/33 MP: 4/4
   201 | D        | Found an opulent altar of Gozag.
   201 | D        | Found a hazy altar of Hepliaklqana.
   201 | D        | Found a roughly hewn altar of Beogh.
   201 | D        | Found a snail-covered altar of Cheibriados.
   202 | D        | Found a viscous altar of Jiyva.
   202 | D        | Found a burning altar of Makhleb.
   202 | D        | Found a sparkling altar of Nemelex Xobeh.
   202 | D        | Found a sacrificial altar of Ru.
   202 | D        | Found a deep blue altar of Sif Muna.
   202 | D        | Found a bloodstained altar of Trog.
   202 | D        | Found a shimmering altar of Xom.
   202 | D        | Found a basalt altar of Yredelemnul.
   203 | D        | Found an iron altar of Okawaru.
   203 | D        | Found a shadowy altar of Dithmenos.
   203 | D        | Found a glowing silver altar of Zin.
   204 | D        | Found an ancient bone altar of Kikubaaqudgha.
   204 | D        | Found a hide-covered altar of Uskayaw.
   205 | D        | Found a stormy altar of Qazlal.
   205 | D        | Found a white marble altar of Elyvilon.
   205 | D        | Found a glowing golden altar of the Shining One.
   206 | D        | Found a corrupted altar of Lugonu.
   206 | D        | Found a radiant altar of Vehumet.
   209 | D        | Killed from afar by an oklob sapling priest

Skill      XL: |  1  2  3 |
---------------+----------+-----
Stealth        | 8 10 12 | 12.3
Short Blades   | 3 |  3.7
Dodging        | 2 3 |  3.2
Fighting       | |  1.7
Throwing       | |  1.5

Action                   |  1- 3 |  4- 6 || total
-------------------------+-------+-------++-------
Melee: Dagger            |    28 |     1 ||    29
       Bite              |     2 |       ||     2
  Use: Potion            |     1 |       ||     1
 Stab: Sleeping          |     3 |       ||     3
Armor: Robe              |     1 |       ||     1
Dodge: Dodged            |    11 |       ||    11
